 Dungeon Crawl Stone Soup version 0.22-a0-223-g0f5d773 (webtiles) character file.

63 vishdafish the Slasher (level 3, -2/28 HPs)
             Began as a Demonspawn Gladiator on Feb 18, 2018.
             Killed from afar by Natasha (7 damage)
             ... with a magic dart
             ... on level 2 of the Dungeon.
             The game lasted 00:01:54 (1204 turns).

vishdafish the Slasher (Demonspawn Gladiator)       Turns: 1204, Time: 00:01:56

Health: -2/28      AC:  0    Str: 15    XL:     3   Next: 87%
Magic:  3/3        EV: 15    Int:  9    God:
Gold:   23         SH:  0    Dex: 14    Spells: 2/2 levels left

rFire    . . .     SeeInvis .   (weapon currently unavailable)
rCold    . . .     Gourm    .   (shield currently unavailable)
rNeg     . . .     Faith    .   (armour currently unavailable)
rPois    .         Spirit   .   (helmet currently unavailable)
rElec    .         Reflect  .   (cloak currently unavailable)
rCorr    .         Harm     .   (gloves currently unavailable)
MR       .....                  (boots currently unavailable)
Stlth    +.........             (no amulet)
HPRegen  0.09/turn              (ring currently unavailable)
MPRegen  0.08/turn              (ring currently unavailable)

@: pig-form, very quick
A: small
a: no special abilities


You were on level 2 of the Dungeon.
You were not hungry.
You were a filthy swine.
You visited 1 branch of the dungeon, and saw 2 of its levels.

You collected 23 gold pieces.

Inventory:

Hand Weapons
 a - a +0 long sword (melded)
Missiles
 d - 2 throwing nets (quivered)
 o - 29 bolts
Armour
 b - a +0 leather armour (melded)
 c - a +0 helmet
Jewellery
 m - a ring of protection from magic (melded)
Scrolls
 g - 2 scrolls of teleportation {unknown}
 h - 2 scrolls of fog {unknown}
 k - a scroll of identify {unknown}
 l - a scroll of immolation {unknown}
 n - 2 scrolls of blinking {unknown}
 p - a scroll of magic mapping {unknown}
Potions
 e - 2 potions of invisibility {unknown}
 i - a potion of degeneration {unknown}
 j - a potion of resistance {unknown}
Comestibles
 f - 2 rations


   Skills:
 + Level 2.5 Fighting
 * Level 3.4 Long Blades
 - Level 2.1 Throwing
 + Level 0.3 Armour
 + Level 3.1 Dodging


You had 2 spell levels left.
You didn't know any spells.

Dungeon Overview and Level Annotations

Branches:
Dungeon (2/15)

Altars:

Annotations:
D:2 Natasha


Innate Abilities, Weirdness & Mutations

((You have a pair of small horns on your head.))
((You are partially covered in icy blue scales. (AC +2)))


Message History

Your +0 leather armour melds into your body.
Your ring of protection from magic melds into your body.
Natasha struggles against the net.
You hit Natasha.
Natasha is almost dead.
The iron imp barely misses you.
You barely miss Natasha.
Natasha is almost dead.
Natasha casts a spell.
Natasha struggles against the net.
The iron imp misses you.
You hit Natasha but do no damage.
Natasha is almost dead.
You hit Natasha but do no damage.
Natasha is almost dead.
The white imp hits you. The white imp freezes you.
* * * LOW HITPOINT WARNING * * *
The iron imp closely misses you. Natasha casts a spell at you.
The magic dart hits you!
You die...

############
#.[........######
#................
#.....%...5......
#........hh......
#.........5......
#..........>..... ...
### ######.#..#######
......# ..###
#.##.......# #.......
....###
#†###.#.....##.#.(...
.##...#### #.# .#
##...#.#.....
.####....## #.#
..###.#.........
...#####..###.#
#.......(.......


You could see an iron imp, Natasha (caught) and a white imp.

Vanquished Creatures
  An adder (D:2)
  An ooze (D:1)
  2 worms (D:2)
  A dart slug (D:2)
  2 giant cockroaches
  7 goblins
  6 hobgoblins
  6 kobolds
  A ball python (D:1)
  5 bats
  4 frilled lizards (D:1)
  4 rats
40 creatures vanquished.

Notes
Turn   | Place    | Note
-------+----------+-------------------------------------------
     0 | D:1      | vishdafish the Demonspawn Gladiator began the quest for the Orb.
     0 | D:1      | Reached XP level 1. HP: 16/16 MP: 1/1
   213 | D:1      | Gained mutation: You have a pair of small horns on your head. [demonic ancestry]
   213 | D:1      | Reached XP level 2. HP: 22/22 MP: 2/2
   891 | D:1      | Gained mutation: You are partially covered in icy blue scales. (AC +2) [demonic ancestry]
   891 | D:1      | Reached XP level 3. HP: 21/28 MP: 3/3
  1194 | D:2      | Noticed Natasha
  1204 | D:2      | Killed from afar by Natasha

Vault maps used:
D:1:      matt_arrival_grand_opening
D:2:      first_ration, trog_hazing_becter, uniq_jessica, uniq_natasha

Skill      XL: |  1  2  3 |
---------------+----------+-----
Throwing       | 2 |  2.1
Long Blades    | 3 |  3.4
Dodging        | 3 |  3.1
Fighting       | |  2.5
Armour         | |  0.3

Action                   || total
-------------------------++-------
Melee: Long sword        ||   108
       Headbutt          ||    11
       Unarmed           ||     4
Throw: Throwing net      ||     1
 Stab: Sleeping          ||     1
  Eat: Chunk             ||     1
Armor: Leather armour    ||    30
Dodge: Dodged            ||    78
       Rpst.: Long sword ||    22

Table legend:
 A = Spawn XP
 B = Non-spawn XP
 C = Spawn XP percentage of total XP
 D = Spawn monster count
 E = Non-spawn monster count
 F = Spawn count percentage of total count
 G = Total turns spent on level
                    A         B        C        D         E        F      G
               +---------+---------+-------+---------+---------+-------+---------
         Total |       0 |      90 |   0.0 |       0 |      40 |   0.0 |  1204
               +---------+---------+-------+---------+---------+-------+---------
           D:1 |       0 |      42 |   0.0 |       0 |      24 |   0.0 |   948
           D:2 |       0 |      48 |   0.0 |       0 |      16 |   0.0 |   256
               +---------+---------+-------+---------+---------+-------+---------
